 Dungeon Crawl Stone Soup version 0.29.0-4-gdea44cf6ec (webtiles) character file.

Game seed: 767343735407641860

48316 qw the Severer (level 14, -1/135 HPs)
             Began as a Minotaur Berserker on Sept 6, 2022.
             Was an Elder of Trog.
             Slain by a basilisk (4 damage)
             ... while petrified by a basilisk
             ... on level 5 of the Lair of Beasts.
             The game lasted 00:06:12 (17825 turns).

qw the Severer (Minotaur Berserker)                Turns: 17825, Time: 00:06:12

Health: -1/135     AC: 33    Str: 25    XL:     14   Next: 11%
Magic:  0/13       EV:  2    Int:  9    God:    Trog [****..]
Gold:   547        SH:  0    Dex: 14    Spells: 13/13 levels left

rFire   . . .      SeeInvis +   p - +2 flail (protect)
rCold   . . .      Faith    .   (no shield)
rNeg    + + +      Spirit   +   v - +0 plate armour
rPois   inf        Reflect  .   s - +3 crown of Dyrovepreva {rElec Int+2 SInv}
rElec   +          Harm     .   n - +1 cloak
rCorr   .          Rampage  .   r - +2 pair of gloves
Will    +....                   t - +2 pair of boots
Stlth   ..........              k - amulet of guardian spirit
HPRegen 0.32/turn               q - +4 ring of protection
MPRegen 0.13/turn               d - ring of Exhibitionism {Int+3 Dex+4 Slay+4}

@: petrified
A: horns 2, retaliatory headbutt, clumsy 1, mutation resistance 1, sturdy frame
1
a: Renounce Religion, Berserk, Trog's Hand, Brothers in Arms


You were on level 5 of the Lair of Beasts.
You worshipped Trog.
Trog was greatly pleased with you.
You visited 2 branches of the dungeon, and saw 15 of its levels.
You visited the Abyss 1 time.
You also visited: Sewer.

You collected 1025 gold pieces.
You spent 478 gold pieces at shops.


Innate Abilities, Weirdness & Mutations

You have a pair of horns on your head.
You reflexively headbutt those who attack you in melee.
You are clumsy. (Dex -2)
You are somewhat resistant to further mutation.
Your movements are slightly less encumbered by armour. (ER -2)


   Skills:
 - Level 15.0 Fighting
 + Level 17.2 Axes
 - Level 9.0 Throwing
 - Level 14.7 Armour
 - Level 7.2 Dodging


You had 13 spell levels left.
You didn't know any spells.
Your spell library was empty.

Inventory:

Hand Weapons
 e - a +0 broad axe
 p - a +2 flail of protection (weapon)
Missiles
 i - 6 silver boomerangs
 o - 23 javelins (quivered)
Armour
 n - a +1 cloak (worn)
 r - a +2 pair of gloves (worn)
 s - the +3 crown of Dyrovepreva (worn) {rElec Int+2 SInv}
   (You found it on level 7 of the Dungeon)

   Int:       It affects your intelligence (+2).
   rElec:     It insulates you from electricity.
   SInv:      It lets you see invisible.
 t - a +2 pair of boots (worn)
 v - a +0 plate armour (worn)
 y - a +0 buckler
Jewellery
 d - the ring of Exhibitionism (right hand) {Int+3 Dex+4 Slay+4}
   (You acquired it on level 4 of the Dungeon)

   [ring of slaying]

   Int:       It affects your intelligence (+3).
   Dex:       It affects your dexterity (+4).
   Slay:      It affects your accuracy & damage with ranged weapons and melee
   (+4).
 j - a ring of fire
 k - an amulet of guardian spirit (around neck)
 q - a +4 ring of protection (left hand)
 u - an amulet of reflection
Wands
 f - a wand of digging (5)
Scrolls
 a - 4 scrolls of teleportation
 c - 10 scrolls of identify
 x - a scroll of fear {unknown}
Potions
 b - a potion of might
 g - 4 potions of heal wounds
 h - a potion of resistance
 l - 4 potions of curing
 m - 3 potions of haste

Dungeon Overview and Level Annotations

Branches:
Dungeon (10/15)            Temple (0/1) D:5            Lair (5/5) D:10
 Shoals (0/4) Lair:3       Spider (0/4) Lair:3        Sewer (visited)
  Slime: Lair:4-5       Orc: D:9-12

Altars:
Dithmenos
Fedhas
Gozag
Hepliaklqana
Qazlal
Sif Muna
Trog
Uskayaw
Xom
Zin

Shops:
D:5 (   D:6 =[=*!*   D:7 *   D:9 :

Annotations:
D:4 1 runed translucent door, Crazy Yiuf


Message History

The six-headed hydra bites you!
The basilisk bites you but does no damage.
You recover from your berserk rage.
The wolf bites you but does no damage. The six-headed hydra bites you!
The six-headed hydra bites you but does no damage. x2
The six-headed hydra bites you.
The six-headed hydra completely misses you.
The six-headed hydra bites you.
The basilisk bites you but does no damage.
The four-headed hydra bites you. x2; The four-headed hydra bites you!
The four-headed hydra bites you but does no damage.
The wolf bites you but does no damage. The wolf bites you but does no damage.
The six-headed hydra bites you but does no damage.
The six-headed hydra bites you.
The six-headed hydra bites you but does no damage.
The six-headed hydra bites you!
The six-headed hydra bites you but does no damage. x2
The basilisk bites you but does no damage.
The four-headed hydra bites you but does no damage.
The four-headed hydra bites you. The four-headed hydra bites you!
The four-headed hydra bites you but does no damage.
The wolf bites you but does no damage. The wolf bites you but does no damage.
The six-headed hydra bites you but does no damage. x6
The basilisk bites you but does no damage.
The four-headed hydra bites you but does no damage. x2
The four-headed hydra completely misses you.
The four-headed hydra bites you. The wolf bites you but does no damage.
The six-headed hydra bites you but does no damage. x2
The six-headed hydra bites you! The six-headed hydra bites you.
The six-headed hydra bites you but does no damage. x2
The basilisk bites you but does no damage.
The wolf bites you but does no damage.
The four-headed hydra bites you but does no damage. x4
The wolf barely misses you.
The six-headed hydra bites you but does no damage. x6
The basilisk bites you!
You die... 7 777 7777

# ...77.Y77777..##
###.# 7..(.hYD@77%...#
....##
777(hlhDlg77..##.##...
77gl7777777.........
7..7 7...P...... ....
7#%........ ..777
7........... 7
###..........
#...........
##..........


You could see a six-headed hydra (summoned), a four-headed hydra (summoned), 2
polar bears, 2 komodo dragons, 2 yaks, a basilisk, a wolf and 2 boggarts.

Vanquished Creatures
  Gastronok (D:8)
  6 hydras
  Erolcha (D:9)
  A boulder beetle (Lair:4)
  Urug (Lair:1)
  A wretched star (Abyss:1)
  3 oklob plants
  2 black mambas
  4 merfolk sirens (Lair:3)
  An orange demon (Abyss:1)
  30 elephants
  A torpor snail (Lair:2)
  4 cane toads
  A rime drake (Lair:5)
  A kobold demonologist (D:10)
  7 komodo dragons
  7 hornets
  3 polar bears
  2 large abominations (Abyss:1)
  Prince Ribbit (D:5)
  13 blink frogs
  4 dream sheep (Lair:2)
  7 wyverns
  12 spriggans (Lair:5)
  21 yaks
  3 fire bats (Lair:2)
  Grum (D:9)
  A neqoxec (Abyss:1)
  5 basilisks
  A steam dragon (D:9)
  12 water moccasins
  3 ice beasts
  A sky beast (D:7)
  3 orc warriors
  6 black bears
  2 ogres
  47 wolves
  A boggart (Lair:5)
  4 centaurs
  A phantom (D:4)
  A kobold brigand (D:10)
  10 bullfrogs
  A necrophage (D:3)
  5 scorpions
  2 gnoll sergeants (D:8)
  5 wights (D:8)
  5 killer bees (D:10)
  5 howler monkeys
  An electric eel (Lair:4)
  A lava snake (Lair:2)
  4 hounds
  A gnoll bouda (D:5)
  A jelly (D:5)
  2 orc priests (D:7)
  Ijyb (D:3)
  11 orc wizards
  3 iguanas
  15 gnolls
  9 adders
  2 white imps (D:5)
  2 worms (Lair:3)
  A dart slug (D:5)
  29 orcs
  7 ball pythons
  9 bats
  5 endoplasms
  10 giant cockroaches
  19 goblins
  10 hobgoblins
  8 jackals
  A quokka (D:1)
  3 training dummies (D:5)
  5 frilled lizards
  11 kobolds
  6 rats
  A bush (D:10)
  2 fire vortices (Lair:2)
440 creatures vanquished.

Vanquished Creatures (collateral kills)
  A hydra (Lair:4)
1 creature vanquished.

Vanquished Creatures (others)
  A wizard (D:9)
  An orc zombie (D:4)
  20 fungi
  31 plants
53 creatures vanquished.

Grand Total: 494 creatures vanquished

Notes
Turn   | Place    | Note
-------+----------+-------------------------------------------
     0 | D:1      | qw the Minotaur Berserker began the quest for the Orb.
     0 | D:1      | Reached XP level 1. HP: 19/19 MP: 0/0
     0 | D:1      | 0 ||| qw: Version: 0.1-a-108-g9e35731
     0 | D:1      | 0 ||| qw: Game counter: 6333
     0 | D:1      | 0 ||| qw: Always use a shield: true
     0 | D:1      | 0 ||| qw: Do Orc after D:15 true
     0 | D:1      | 0 ||| qw: Do second Lair branch before Depths: true
     0 | D:1      | 0 ||| qw: Lair rune preference: random
     0 | D:1      | 0 ||| qw: Plans: Normal
     0 | D:1      | 0 ||| PLANNING D:1-11
    56 | D:1      | Reached skill level 4 in Axes
   307 | D:1      | 307 ||| Stepping ~*~*~tactically~*~*~ (stealth).
   356 | D:1      | 356 ||| Stepping ~*~*~tactically~*~*~ (stealth).
   358 | D:1      | 358 ||| Stepping ~*~*~tactically~*~*~ (stealth).
   360 | D:1      | Reached XP level 2. HP: 26/26 MP: 1/1
   801 | D:1      | 801 ||| Stepping ~*~*~tactically~*~*~ (stealth).
   810 | D:1      | Reached skill level 5 in Axes
  1177 | D:1      | 1177 ||| UPGRADING to ring of positive energy.
  1178 | D:1      | 1178 ||| READING scroll labelled EFOTYF ONARCH.
  1179 | D:1      | 1179 ||| READING scroll labelled WERIXZESURCH.
  1180 | D:1      | 1180 ||| READING scroll labelled PIUMOY BIQEKY.
  1195 | D:2      | Reached XP level 3. HP: 31/31 MP: 2/2
  1224 | D:2      | 1224 ||| DROPPING +0 club.
  1254 | D:2      | Reached ** piety under Trog
  1484 | D:2      | You fall into a shaft and drop 2 floors!
  1497 | D:4      | Noticed a phantom
  1512 | D:4      | 1512 ||| INVOKING Berserk.
  1514 | D:4      | Killed a phantom
  1515 | D:4      | Reached skill level 6 in Axes
  1515 | D:4      | Reached XP level 4. HP: 30/39 MP: 3/3
  1643 | D:4      | Reached skill level 7 in Axes
  1643 | D:4      | Reached XP level 5. HP: 30/45 MP: 4/4
  1766 | D:4      | 1766 ||| READING scroll labelled TEUMEUN XEHUA.
  1766 | D:4      | Identified a scroll of acquirement
  1766 | D:4      | 1766 ||| ACQUIRING ring of Exhibitionism {Int+3 Dex+4
                  | Slay+4}
  1766 | D:4      | Acquired the ring of Exhibitionism {Int+3 Dex+4 Slay+4}
  1768 | D:4      | 1768 ||| UPGRADING to ring of Exhibitionism {Int+3 Dex+4
                  | Slay+4}.
  1769 | D:4      | 1769 ||| DRINKING 2 smoky red potions.
  1770 | D:4      | 1770 ||| READING 2 scrolls of identify.
  1770 | D:4      | 1770 ||| IDENTIFYING viscous purple potion
  1771 | D:4      | 1771 ||| DROPPING potion of attraction.
  1772 | D:4      | 1772 ||| DROPPING potion of degeneration.
  1780 | D:3      | 1780 ||| PLANNING SEWER
  1984 | D:3      | 1984 ||| Stepping ~*~*~tactically~*~*~ (stealth).
  2004 | D:3      | 2004 ||| Stepping ~*~*~tactically~*~*~ (stealth).
  2011 | D:3      | 2011 ||| DROPPING +0 whip.
  2231 | D:3      | Found a glowing drain.
  2232 | D:3      | 2232 ||| UPGRADING to +0 scale mail.
  2242 | D:3      | 2242 ||| DROPPING +0 animal skin.
  2243 | D:3      | 2243 ||| UPGRADING to +0 cloak.
  2248 | D:3      | 2248 ||| READING scroll labelled ZUITOG NUDDORU.
  2249 | D:3      | 2249 ||| READING scroll labelled HASHRU UMIY.
  2267 | D:3      | 2267 ||| READING 2 scrolls labelled INWIERGH BUSE.
  2268 | D:3      | 2268 ||| DRINKING 2 cyan potions.
  2269 | D:3      | 2269 ||| DROPPING scroll of blinking.
  2284 | D:3      | 2284 ||| Stepping randomly (stuck).
  2366 | Sewer    | Entered a sewer
  2409 | Sewer    | Noticed a water moccasin
  2418 | Sewer    | Killed a water moccasin
  2419 | Sewer    | Reached skill level 8 in Axes
  2419 | Sewer    | Reached XP level 6. HP: 36/52 MP: 5/5
  2603 | Sewer    | 2603 ||| UPGRADING to +0 pair of gloves.
  2608 | Sewer    | 2608 ||| READING 2 scrolls labelled QUH DAPUGREDA.
  2609 | Sewer    | 2609 ||| READING scroll labelled QAUDET FAYKE.
  2610 | Sewer    | 2610 ||| DRINKING 2 fuming pink potions.
  2611 | Sewer    | 2611 ||| DROPPING potion of magic.
  2612 | Sewer    | 2612 ||| DROPPING scroll of magic mapping.
  2627 | D:3      | 2627 ||| PLANNING D:1-11
  2891 | D:2      | 2891 ||| READING scroll of enchant weapon.
  2891 | D:2      | 2891 ||| ENCHANTING +1 hand axe of chaos.
  3049 | D:3      | Reached *** piety under Trog
  3081 | D:3      | 3081 ||| INVOKING Berserk.
  3193 | D:3      | Noticed Ijyb
  3199 | D:3      | 3199 ||| INVOKING Berserk.
  3205 | D:3      | Killed Ijyb
  3456 | D:3      | Reached skill level 1 in Throwing
  3473 | D:3      | Found a faded altar of an unknown god.
  3474 | D:3      | Noticed a great orb of eyes
  3476 | D:3      | 3476 ||| READING 2 scrolls of teleportation.
  3478 | D:3      | Noticed a golden eye
  3484 | D:3      | Noticed a golden eye
  3484 | D:3      | Noticed a great orb of eyes
  3590 | D:4      | Reached skill level 9 in Axes
  3617 | D:4      | Noticed an ice beast
  3620 | D:4      | 3620 ||| INVOKING Berserk.
  3622 | D:4      | Killed an ice beast
  3623 | D:4      | Reached XP level 7. HP: 61/61 MP: 6/6
  3771 | D:4      | 3771 ||| Stepping ~*~*~tactically~*~*~ (stealth).
  3794 | D:4      | 3794 ||| Stepping ~*~*~tactically~*~*~ (stealth).
  3847 | D:4      | 3847 ||| Stepping ~*~*~tactically~*~*~ (stealth).
  3961 | D:4      | 3961 ||| INVOKING Berserk.
  4120 | D:4      | Reached skill level 10 in Axes
  4155 | D:4      | Found a runed translucent door.
  4156 | D:4      | Noticed Crazy Yiuf
  4282 | D:4      | 4282 ||| READING scroll labelled FOACVU BINGO.
  4283 | D:4      | 4283 ||| DRINKING 2 green potions.
  4284 | D:4      | 4284 ||| DRINKING 2 coppery potions.
  4385 | D:4      | 4385 ||| DRINKING 2 inky potions.
  4386 | D:4      | 4386 ||| DRINKING 2 sedimented silvery potions.
  4387 | D:4      | 4387 ||| READING 2 scrolls of identify.
  4387 | D:4      | 4387 ||| IDENTIFYING grey potion
  4388 | D:4      | 4388 ||| DROPPING potion of brilliance.
  4389 | D:4      | 4389 ||| DROPPING potion of ambrosia.
  4390 | D:4      | 4390 ||| DROPPING potion of flight.
  4414 | D:5      | Entered Level 5 of the Dungeon
  4444 | D:5      | 4444 ||| DROPPING +0 flail.
  4490 | D:5      | 4490 ||| Stepping ~*~*~tactically~*~*~ (hiding).
  4638 | D:5      | 4638 ||| Stepping ~*~*~tactically~*~*~ (stealth).
  4641 | D:5      | Reached skill level 3 in Armour
  4751 | D:5      | Found Sijemen's Firing Range.
  4758 | D:5      | Reached XP level 8. HP: 69/70 MP: 7/7
  4785 | D:5      | Found a staircase to the Ecumenical Temple.
  4799 | D:5      | 4799 ||| Stepping ~*~*~tactically~*~*~ (hiding).
  4801 | D:5      | 4801 ||| INVOKING Berserk.
  4814 | D:5      | Reached skill level 3 in Dodging
  4815 | D:5      | Reached skill level 6 in Fighting
  4917 | D:5      | 4917 ||| FLEEEEING.
  4918 | D:5      | 4918 ||| FLEEEEING.
  4919 | D:5      | 4919 ||| FLEEEEING.
  4922 | D:5      | 4922 ||| FLEEEEING.
  4923 | D:5      | 4923 ||| FLEEEEING.
  4927 | D:5      | 4927 ||| FLEEEEING.
  4929 | D:5      | 4929 ||| FLEEEEING.
  4930 | D:5      | 4930 ||| FLEEEEING.
  4931 | D:5      | 4931 ||| FLEEEEING.
  4932 | D:5      | 4932 ||| FLEEEEING.
  4933 | D:5      | 4933 ||| FLEEEEING.
  4934 | D:5      | 4934 ||| FLEEEEING.
  4935 | D:5      | 4935 ||| FLEEEEING.
  4940 | D:5      | 4940 ||| FLEEEEING.
  4941 | D:5      | 4941 ||| FLEEEEING.
  4942 | D:5      | 4942 ||| FLEEEEING.
  4945 | D:5      | 4945 ||| FLEEEEING.
  4947 | D:5      | 4947 ||| FLEEEEING.
  4948 | D:5      | 4948 ||| FLEEEEING.
  4949 | D:5      | 4949 ||| FLEEEEING.
  4949 | D:5      | Noticed Prince Ribbit
  4952 | D:5      | 4952 ||| INVOKING Berserk.
  4955 | D:5      | Killed Prince Ribbit
  4958 | D:5      | Reached skill level 11 in Axes
  5056 | D:5      | Found a shimmering blue altar of Sif Muna.
  5449 | D:5      | 5449 ||| Stepping ~*~*~tactically~*~*~ (stealth).
  5450 | D:5      | 5450 ||| Stepping ~*~*~tactically~*~*~ (stealth).
  5453 | D:5      | 5453 ||| Stepping ~*~*~tactically~*~*~ (stealth).
  5653 | D:6      | Reached **** piety under Trog
  5654 | D:6      | Reached skill level 12 in Axes
  5690 | D:6      | 5690 ||| Stepping ~*~*~tactically~*~*~ (hiding).
  5756 | D:6      | Found Fetuashi's Lightly-Used Armoury.
  5787 | D:6      | Found a hide-covered altar of Uskayaw.
  5854 | D:6      | Found a hazy altar of Hepliaklqana.
  5928 | D:6      | Found Wuxysysk's Jewellery Shop.
  5928 | D:6      | Found Vaguom's Jewellery Shoppe.
  5933 | D:6      | Found Roull's Antique Armour Shop.
  5933 | D:6      | Found Qeahipea's General Store.
  5937 | D:6      | 5937 ||| SHOPLISTING +4 ring of evasion (504 gold, have
                  | 480).
  5937 | D:6      | 5937 ||| BUYING amulet of guardian spirit (420 gold).
  5937 | D:6      | Bought an amulet of guardian spirit for 420 gold pieces
  5937 | D:6      | 5937 ||| SHOPLISTING amulet of reflection (420 gold, have
                  | 60).
  5937 | D:6      | 5937 ||| SHOPLISTING amulet of the acrobat (420 gold, have
                  | 60).
  5937 | D:6      | 5937 ||| SHOPLISTING ring of fire (350 gold, have 60).
  5937 | D:6      | 5937 ||| SHOPLISTING ring of poison resistance (280 gold,
                  | have 60).
  5941 | D:6      | 5941 ||| SHOPLISTING glowing chain mail (172 gold, have
                  | 60).
  5941 | D:6      | 5941 ||| SHOPLISTING glowing plate armour (598 gold, have
                  | 60).
  5941 | D:6      | 5941 ||| SHOPLISTING plate armour (529 gold, have 60).
  5941 | D:6      | 5941 ||| SHOPLISTING runed ring mail (161 gold, have 60).
  5941 | D:6      | 5941 ||| SHOPLISTING shiny chain mail (172 gold, have 60).
  5978 | D:6      | 5978 ||| BUYING +0 pair of boots (58 gold).
  5978 | D:6      | Bought a +0 pair of boots for 58 gold pieces
  5978 | D:6      | 5978 ||| SHOPLISTING potion of heal wounds (65 gold, have
                  | 2).
  5982 | D:6      | 5982 ||| SHOPLISTING +6 ring of dexterity (432 gold, have
                  | 2).
  5982 | D:6      | 5982 ||| SHOPLISTING ring of fire (300 gold, have 2).
  5982 | D:6      | 5982 ||| SHOPLISTING ring of poison resistance (240 gold,
                  | have 2).
  5982 | D:6      | 5982 ||| SHOPLISTING ring of willpower (300 gold, have 2).
  6046 | D:6      | Found Oduck's Distillery.
  6054 | D:6      | 6054 ||| SHOPLISTING 2 potions of resistance (300 gold,
                  | have 2).
  6054 | D:6      | 6054 ||| SHOPLISTING potion of curing (45 gold, have 2).
  6054 | D:6      | 6054 ||| SHOPLISTING potion of haste (150 gold, have 2).
  6054 | D:6      | 6054 ||| SHOPLISTING potion of resistance (150 gold, have
                  | 2).
  6183 | D:6      | 6183 ||| UPGRADING to +0 chain mail.
  6193 | D:6      | 6193 ||| DROPPING +0 scale mail.
  6194 | D:6      | 6194 ||| UPGRADING to +0 pair of boots.
  6199 | D:6      | 6199 ||| UPGRADING to amulet of guardian spirit.
  6204 | D:6      | 6204 ||| READING 2 scrolls of identify.
  6204 | D:6      | 6204 ||| IDENTIFYING sapphire potion
  6217 | D:7      | 6217 ||| Stepping ~*~*~tactically~*~*~ (stealth).
  6221 | D:7      | Reached XP level 9. HP: 77/79 MP: 6/8
  6352 | D:7      | Found an opulent altar of Gozag.
  6447 | D:7      | Found a flagged portal.
  6587 | D:7      | Found the +3 crown of Dyrovepreva {rElec Int+2 SInv}
  6594 | D:7      | 6594 ||| INVOKING Berserk.
  6713 | D:7      | Found Igiproreje's Assorted Antiques.
  6719 | D:7      | 6719 ||| SHOPLISTING sapphire ring (150 gold, have 50).
  6731 | D:7      | Found a shimmering altar of Xom.
  6731 | D:7      | Found a stormy altar of Qazlal.
  6960 | D:7      | 6960 ||| UPGRADING to +3 crown of Dyrovepreva {rElec Int+2
                  | SInv}.
  6965 | D:7      | 6965 ||| DROPPING amulet of faith.
  6966 | D:7      | 6966 ||| UPGRADING to +6 ring of strength.
  6968 | D:7      | 6968 ||| UPGRADING to +4 ring of protection.
  6970 | D:7      | 6970 ||| DROPPING ring of positive energy.
  6971 | D:7      | 6971 ||| DROPPING +6 ring of strength.
  6972 | D:7      | 6972 ||| READING scroll labelled VAINIE WIED.
  7120 | D:7      | 7120 ||| READING 2 scrolls of identify.
  7120 | D:7      | 7120 ||| IDENTIFYING puce potion
  7121 | D:7      | 7121 ||| DROPPING potion of berserk rage.
  7202 | D:8      | 7202 ||| Stepping ~*~*~tactically~*~*~ (stealth).
  7204 | D:8      | 7204 ||| Stepping ~*~*~tactically~*~*~ (hiding).
  7278 | D:8      | 7278 ||| Stepping ~*~*~tactically~*~*~ (hiding).
  7286 | D:8      | Reached skill level 13 in Axes
  7339 | D:8      | Found a glowing silver altar of Zin.
  7351 | D:8      | Found a shadowy altar of Dithmenos.
  7437 | D:8      | Reached skill level 6 in Armour
  7437 | D:8      | 7437 ||| Stepping ~*~*~tactically~*~*~ (stealth).
  7440 | D:8      | 7440 ||| Stepping ~*~*~tactically~*~*~ (hiding).
  7443 | D:8      | 7443 ||| Stepping ~*~*~tactically~*~*~ (hiding).
  7453 | D:8      | 7453 ||| Stepping ~*~*~tactically~*~*~ (stealth).
  7465 | D:8      | 7465 ||| Stepping ~*~*~tactically~*~*~ (stealth).
  7476 | D:8      | 7476 ||| FLEEEEING.
  7477 | D:8      | 7477 ||| FLEEEEING.
  7478 | D:8      | 7478 ||| FLEEEEING.
  7479 | D:8      | 7479 ||| FLEEEEING.
  7480 | D:8      | 7480 ||| FLEEEEING.
  7481 | D:8      | 7481 ||| FLEEEEING.
  7482 | D:8      | 7482 ||| FLEEEEING.
  7483 | D:8      | 7483 ||| FLEEEEING.
  7484 | D:8      | 7484 ||| FLEEEEING.
  7485 | D:8      | 7485 ||| FLEEEEING.
  7486 | D:8      | 7486 ||| FLEEEEING.
  7487 | D:8      | 7487 ||| FLEEEEING.
  7488 | D:8      | 7488 ||| FLEEEEING.
  7489 | D:8      | 7489 ||| STAIRDANCE
  7546 | D:8      | Reached skill level 3 in Throwing
  7586 | D:8      | 7586 ||| FLEEEEING.
  7587 | D:8      | 7587 ||| Stepping ~*~*~tactically~*~*~ (hiding).
  7593 | D:8      | Noticed Gastronok
  7598 | D:8      | 7598 ||| Stepping ~*~*~tactically~*~*~ (hiding).
  7601 | D:8      | 7601 ||| INVOKING Berserk.
  7610 | D:8      | Killed Gastronok
  7611 | D:8      | Reached XP level 10. HP: 93/93 MP: 7/9
  7794 | D:8      | 7794 ||| INVOKING Berserk.
  8158 | D:8      | 8158 ||| Stepping ~*~*~tactically~*~*~ (stealth).
  8159 | D:8      | 8159 ||| Stepping ~*~*~tactically~*~*~ (stealth).
  8161 | D:8      | 8161 ||| Stepping ~*~*~tactically~*~*~ (hiding).
  8163 | D:8      | 8163 ||| Stepping ~*~*~tactically~*~*~ (hiding).
  8166 | D:8      | 8166 ||| INVOKING Berserk.
  8192 | D:8      | 8192 ||| Stepping ~*~*~tactically~*~*~ (stealth).
  8477 | D:8      | 8477 ||| UPGRADING to +2 pair of gloves.
  8487 | D:8      | 8487 ||| DROPPING +0 pair of gloves.
  8488 | D:8      | 8488 ||| UPGRADING to +2 pair of boots.
  8498 | D:8      | 8498 ||| DROPPING +0 pair of boots.
  8499 | D:8      | 8499 ||| UPGRADING to +0 plate armour.
  8509 | D:8      | 8509 ||| DROPPING +0 chain mail.
  8510 | D:8      | 8510 ||| DROPPING amulet of magic regeneration.
  8511 | D:8      | 8511 ||| DROPPING ring of flight.
  8524 | D:9      | 8524 ||| Stepping ~*~*~tactically~*~*~ (hiding).
  8651 | D:9      | 8651 ||| Stepping ~*~*~tactically~*~*~ (stealth).
  8659 | D:9      | 8659 ||| INVOKING Berserk.
  8826 | D:9      | 8826 ||| Stepping ~*~*~tactically~*~*~ (stealth).
  8828 | D:9      | 8828 ||| Stepping ~*~*~tactically~*~*~ (hiding).
  8835 | D:9      | Reached skill level 14 in Axes
  8949 | D:9      | 8949 ||| Stepping ~*~*~tactically~*~*~ (stealth).
  8950 | D:9      | 8950 ||| Stepping ~*~*~tactically~*~*~ (stealth).
  8953 | D:9      | 8953 ||| Stepping ~*~*~tactically~*~*~ (stealth).
  8995 | D:9      | Found a bloodstained altar of Trog.
  8999 | D:9      | Noticed a wizard
  9004 | D:9      | Killed a wizard
  9037 | D:9      | Found Nocku's Book Emporium.
  9209 | D:9      | Noticed Erolcha
  9209 | Abyss:1  | Cast into level 1 of the Abyss (Erolcha)
  9210 | Abyss:1  | 9210 ||| READING scroll labelled DOORCH UKKERIS.
  9211 | Abyss:1  | 9211 ||| DROPPING boomerang.
  9287 | Abyss:1  | Noticed an orange demon
  9288 | Abyss:1  | 9288 ||| Stepping ~*~*~tactically~*~*~ (stealth).
  9293 | Abyss:1  | 9293 ||| Stepping ~*~*~tactically~*~*~ (stealth).
  9302 | Abyss:1  | 9302 ||| Stepping ~*~*~tactically~*~*~ (stealth).
  9309 | Abyss:1  | 9309 ||| Stepping ~*~*~tactically~*~*~ (hiding).
  9313 | Abyss:1  | Killed an orange demon
  9328 | Abyss:1  | 9328 ||| INVOKING Trog's Hand.
  9420 | Abyss:1  | 9420 ||| Stepping ~*~*~tactically~*~*~ (stealth).
  9421 | Abyss:1  | 9421 ||| Stepping ~*~*~tactically~*~*~ (stealth).
  9445 | Abyss:1  | Noticed a large abomination
  9457 | Abyss:1  | Gained mutation: You occasionally lose the ability to drink
                  | potions when taking damage. [a neqoxec]
  9460 | Abyss:1  | Killed a large abomination
  9462 | Abyss:1  | 9462 ||| Stepping ~*~*~tactically~*~*~ (hiding).
  9464 | Abyss:1  | Gained mutation: You are dopey. (Int -2) [a neqoxec]
  9472 | Abyss:1  | Noticed a wretched star
  9482 | Abyss:1  | 9482 ||| INVOKING Berserk.
  9486 | Abyss:1  | Killed a wretched star
  9487 | Abyss:1  | Reached skill level 9 in Armour
  9489 | D:9      | Escaped the Abyss
  9490 | D:9      | 9490 ||| INVOKING Trog's Hand.
  9495 | D:9      | Killed Erolcha
  9646 | D:9      | 9646 ||| Stepping ~*~*~tactically~*~*~ (hiding).
  9648 | D:9      | 9648 ||| INVOKING Berserk.
  9759 | D:9      | Noticed Grum
  9760 | D:9      | 9760 ||| Stepping ~*~*~tactically~*~*~ (hiding).
  9766 | D:9      | Reached XP level 11. HP: 95/99 MP: 10/10
  9766 | D:9      | 9766 ||| INVOKING Berserk.
  9773 | D:9      | Killed Grum
  9977 | D:9      | 9977 ||| READING scroll labelled BERCHE UNOUHE.
  9978 | D:9      | 9978 ||| READING 5 scrolls of identify.
  9978 | D:9      | 9978 ||| IDENTIFYING fuming red potion
 10008 | D:10     | Entered Level 10 of the Dungeon
 10011 | D:10     | 10011 ||| STAIRDANCE
 10019 | D:10     | 10019 ||| STAIRDANCE
 10169 | D:10     | 10169 ||| Stepping ~*~*~tactically~*~*~ (stealth).
 10171 | D:10     | 10171 ||| Stepping ~*~*~tactically~*~*~ (hiding).
 10204 | D:10     | 10204 ||| Stepping ~*~*~tactically~*~*~ (stealth).
 10206 | D:10     | 10206 ||| Stepping ~*~*~tactically~*~*~ (stealth).
 10207 | D:10     | 10207 ||| INVOKING Berserk.
 10249 | D:10     | 10249 ||| INVOKING Berserk.
 10344 | D:10     | 10344 ||| Stepping ~*~*~tactically~*~*~ (stealth).
 10347 | D:10     | Found a staircase to the Lair.
 10447 | D:10     | 10447 ||| SWAPPING to +0 war axe.
 10448 | D:10     | 10448 ||| DROPPING +2 hand axe of chaos.
 10477 | D:10     | 10477 ||| Stepping ~*~*~tactically~*~*~ (hiding).
 10905 | D:10     | 10905 ||| PLANNING LAIR
 10938 | Lair:1   | Entered Level 1 of the Lair of Beasts
 10976 | Lair:1   | 10976 ||| Stepping ~*~*~tactically~*~*~ (hiding).
 11144 | Lair:1   | 11144 ||| INVOKING Berserk.
 11311 | Lair:1   | 11311 ||| INVOKING Berserk.
 11316 | Lair:1   | Reached skill level 15 in Axes
 11482 | Lair:1   | Noticed Urug
 11484 | Lair:1   | 11484 ||| INVOKING Berserk.
 11491 | Lair:1   | Killed Urug
 12149 | Lair:1   | You fall into a shaft and drop 1 floor!
 12255 | Lair:2   | 12255 ||| READING 9 scrolls of identify.
 12255 | Lair:2   | 12255 ||| IDENTIFYING red potion
 12256 | Lair:2   | 12256 ||| DRINKING potion of mutation.
 12256 | Lair:2   | Lost mutation: You are dopey. (Int -2) [potion of mutation]
 12256 | Lair:2   | Lost mutation: You occasionally lose the ability to drink
                  | potions when taking damage. [potion of mutation]
 12256 | Lair:2   | Gained mutation: Your movements are slightly less
                  | encumbered by armour. (ER -2) [potion of mutation]
 12256 | Lair:2   | Gained mutation: You are somewhat resistant to further
                  | mutation. [potion of mutation]
 12256 | Lair:2   | Gained mutation: You are clumsy. (Dex -2) [potion of
                  | mutation]
 12292 | Lair:2   | 12292 ||| Stepping ~*~*~tactically~*~*~ (stealth).
 12327 | Lair:2   | 12327 ||| DROPPING +1 vorpal flail.
 12373 | Lair:2   | Reached skill level 16 in Axes
 12374 | Lair:2   | 12374 ||| INVOKING Berserk.
 12378 | Lair:2   | Reached XP level 12. HP: 112/112 MP: 8/11
 12478 | Lair:2   | Reached skill level 12 in Fighting
 12626 | Lair:2   | 12626 ||| INVOKING Berserk.
 12691 | Lair:2   | 12691 ||| INVOKING Berserk.
 12828 | Lair:2   | 12828 ||| Stepping ~*~*~tactically~*~*~ (stealth).
 12831 | Lair:2   | 12831 ||| FLEEEEING.
 12835 | Lair:2   | 12835 ||| FLEEEEING.
 12836 | Lair:2   | 12836 ||| FLEEEEING.
 12846 | Lair:2   | Reached skill level 12 in Armour
 12846 | Lair:2   | Reached ***** piety under Trog
 12849 | Lair:2   | 12849 ||| FLEEEEING.
 12850 | Lair:2   | 12850 ||| FLEEEEING.
 12851 | Lair:2   | 12851 ||| FLEEEEING.
 12852 | Lair:2   | 12852 ||| FLEEEEING.
 12853 | Lair:2   | 12853 ||| FLEEEEING.
 12854 | Lair:2   | 12854 ||| FLEEEEING.
 12855 | Lair:2   | 12855 ||| FLEEEEING.
 12856 | Lair:2   | 12856 ||| FLEEEEING.
 12857 | Lair:2   | 12857 ||| FLEEEEING.
 12858 | Lair:2   | 12858 ||| FLEEEEING.
 12859 | Lair:2   | 12859 ||| INVOKING Berserk.
 12870 | Lair:2   | Reached skill level 6 in Dodging
 12993 | Lair:2   | Found a blossoming altar of Fedhas.
 12997 | Lair:2   | 12997 ||| INVOKING Brothers in Arms.
 12999 | Lair:2   | 12999 ||| INVOKING Berserk.
 13451 | Lair:2   | 13451 ||| DROPPING ring of magical power.
 13487 | Lair:2   | 13487 ||| READING scroll labelled HAHITAXT CIZAE.
 13543 | Lair:3   | 13543 ||| INVOKING Berserk.
 13730 | Lair:3   | 13730 ||| INVOKING Berserk.
 13888 | Lair:3   | Noticed a seven-headed hydra
 13889 | Lair:3   | 13889 ||| INVOKING Brothers in Arms.
 13891 | Lair:3   | 13891 ||| SWAPPING to +2 flail of protection.
 13892 | Lair:3   | 13892 ||| INVOKING Berserk.
 13895 | Lair:3   | Killed a seven-headed hydra
 13896 | Lair:3   | Reached skill level 6 in Throwing
 13900 | Lair:3   | 13900 ||| SWAPPING to +0 war axe.
 14061 | Lair:3   | Found a hole to the Spider Nest.
 14065 | Lair:3   | 14065 ||| Stepping ~*~*~tactically~*~*~ (stealth).
 14066 | Lair:3   | 14066 ||| Stepping ~*~*~tactically~*~*~ (stealth).
 14076 | Lair:3   | 14076 ||| INVOKING Berserk.
 14205 | Lair:3   | 14205 ||| FLEEEEING.
 14206 | Lair:3   | 14206 ||| FLEEEEING.
 14207 | Lair:3   | 14207 ||| FLEEEEING.
 14208 | Lair:3   | 14208 ||| FLEEEEING.
 14209 | Lair:3   | 14209 ||| Stepping ~*~*~tactically~*~*~ (hiding).
 14215 | Lair:3   | 14215 ||| INVOKING Berserk.
 14235 | Lair:3   | Noticed a seven-headed hydra
 14249 | Lair:3   | Killed an 11-headed hydra
 14250 | Lair:3   | Reached XP level 13. HP: 89/124 MP: 4/12
 14540 | Lair:3   | Found a staircase to the Shoals.
 14598 | Lair:3   | 14598 ||| INVOKING Berserk.
 14778 | Lair:3   | 14778 ||| READING scroll of enchant armour.
 14778 | Lair:3   | 14778 ||| ENCHANTING +0 cloak.
 14927 | Lair:3   | 14927 ||| READING scroll labelled RIURCHUL WIUWAMNO.
 14928 | Lair:3   | 14928 ||| READING 10 scrolls of identify.
 14928 | Lair:3   | 14928 ||| IDENTIFYING murky purple potion
 14929 | Lair:3   | 14929 ||| DROPPING potion of lignification.
 14930 | Lair:3   | 14930 ||| READING 4 scrolls of teleportation.
 14947 | Lair:4   | 14947 ||| INVOKING Brothers in Arms.
 14953 | Lair:4   | 14953 ||| SWAPPING to +2 flail of protection.
 14954 | Lair:4   | 14954 ||| INVOKING Berserk.
 14981 | Lair:4   | 14981 ||| SWAPPING to +0 war axe.
 15002 | Lair:4   | 15002 ||| FLEEEEING.
 15003 | Lair:4   | 15003 ||| FLEEEEING.
 15004 | Lair:4   | 15004 ||| STAIRDANCE
 15219 | Lair:4   | 15219 ||| INVOKING Berserk.
 15225 | Lair:4   | 15225 ||| STAIRDANCE
 15296 | Lair:4   | 15296 ||| INVOKING Berserk.
 15304 | Lair:4   | 15304 ||| STAIRDANCE
 15505 | Lair:4   | 15505 ||| Stepping ~*~*~tactically~*~*~ (stealth).
 15515 | Lair:4   | 15515 ||| INVOKING Berserk.
 15530 | Lair:4   | 15530 ||| Stepping ~*~*~tactically~*~*~ (stealth).
 15540 | Lair:4   | Reached skill level 15 in Fighting
 15682 | Lair:4   | 15682 ||| Stepping ~*~*~tactically~*~*~ (stealth).
 15684 | Lair:4   | 15684 ||| INVOKING Berserk.
 15837 | Lair:4   | 15837 ||| Stepping ~*~*~tactically~*~*~ (stealth).
 16291 | Lair:4   | 16291 ||| INVOKING Brothers in Arms.
 16292 | Lair:4   | 16292 ||| INVOKING Brothers in Arms.
 16293 | Lair:4   | 16293 ||| SWAPPING to +2 flail of protection.
 16295 | Lair:4   | 16295 ||| INVOKING Berserk.
 16300 | Lair:4   | 16300 ||| SWAPPING to +0 war axe.
 16441 | Lair:4   | 16441 ||| Stepping ~*~*~tactically~*~*~ (stealth).
 16446 | Lair:4   | 16446 ||| INVOKING Berserk.
 16622 | Lair:4   | 16622 ||| INVOKING Berserk.
 16766 | Lair:4   | 16766 ||| READING scroll of enchant weapon.
 16766 | Lair:4   | 16766 ||| ENCHANTING +0 war axe.
 16882 | Lair:5   | Entered Level 5 of the Lair of Beasts
 16883 | Lair:5   | 16883 ||| SWAPPING to +2 flail of protection.
 16885 | Lair:5   | 16885 ||| INVOKING Berserk.
 16894 | Lair:5   | Reached skill level 9 in Throwing
 16901 | Lair:5   | 16901 ||| SWAPPING to +1 war axe.
 16964 | Lair:5   | 16964 ||| SWAPPING to +2 flail of protection.
 16965 | Lair:5   | 16965 ||| INVOKING Berserk.
 16972 | Lair:5   | 16972 ||| SWAPPING to +1 war axe.
 17080 | Lair:5   | 17080 ||| Stepping ~*~*~tactically~*~*~ (hiding).
 17390 | Lair:5   | 17390 ||| SWAPPING to +0 broad axe.
 17391 | Lair:5   | 17391 ||| DROPPING +1 war axe.
 17396 | Lair:5   | 17396 ||| INVOKING Brothers in Arms.
 17397 | Lair:5   | 17397 ||| INVOKING Brothers in Arms.
 17398 | Lair:5   | 17398 ||| INVOKING Brothers in Arms.
 17399 | Lair:5   | 17399 ||| INVOKING Brothers in Arms.
 17400 | Lair:5   | 17400 ||| INVOKING Brothers in Arms.
 17401 | Lair:5   | 17401 ||| INVOKING Brothers in Arms.
 17402 | Lair:5   | 17402 ||| SWAPPING to +2 flail of protection.
 17403 | Lair:5   | 17403 ||| INVOKING Berserk.
 17433 | Lair:5   | 17433 ||| SWAPPING to +0 broad axe.
 17548 | Lair:5   | 17548 ||| Stepping ~*~*~tactically~*~*~ (stealth).
 17555 | Lair:5   | 17555 ||| Stepping ~*~*~tactically~*~*~ (stealth).
 17566 | Lair:5   | Paralysed by a hornet for 2 turns
 17572 | Lair:5   | Paralysed by a hornet for 1 turns
 17581 | Lair:5   | 17581 ||| FLEEEEING.
 17582 | Lair:5   | 17582 ||| FLEEEEING.
 17709 | Lair:5   | 17709 ||| INVOKING Berserk.
 17734 | Lair:5   | 17734 ||| FLEEEEING.
 17735 | Lair:5   | 17735 ||| FLEEEEING.
 17736 | Lair:5   | 17736 ||| FLEEEEING.
 17737 | Lair:5   | 17737 ||| FLEEEEING.
 17738 | Lair:5   | 17738 ||| FLEEEEING.
 17739 | Lair:5   | 17739 ||| FLEEEEING.
 17740 | Lair:5   | 17740 ||| FLEEEEING.
 17741 | Lair:5   | 17741 ||| FLEEEEING.
 17772 | Lair:5   | 17772 ||| INVOKING Berserk.
 17785 | Lair:5   | Reached XP level 14. HP: 135/135 MP: 13/13
 17797 | Lair:5   | Reached skill level 17 in Axes
 17807 | Lair:5   | 17807 ||| INVOKING Brothers in Arms.
 17808 | Lair:5   | 17808 ||| SWAPPING to +2 flail of protection.
 17809 | Lair:5   | 17809 ||| Stepping ~*~*~tactically~*~*~ (outnumbered).
 17815 | Lair:5   | 17815 ||| INVOKING Brothers in Arms.
 17816 | Lair:5   | 17816 ||| INVOKING Brothers in Arms.
 17817 | Lair:5   | 17817 ||| INVOKING Brothers in Arms.
 17820 | Lair:5   | HP: 31/135 [six-headed hydra[a boggart] (5)]
 17822 | Lair:5   | HP: 15/135 [six-headed hydra[a boggart] (5)]
 17824 | Lair:5   | HP: 3/135 [six-headed hydra[a boggart] (5)]
 17825 | Lair:5   | Slain by a basilisk

Levels and vault maps discovered:
D:1:      dpeg_arrival_castle, layout_basic, minmay_misc_feat_plants
D:2:      layout_basic
D:3:      kennysheep_goblin_castle, layout_loops_ring, gup_sewer_entry_glass,
          hellmonk_ecumenical_altar_watching_god, minmay_quantized
D:4:      layout_cave_pools, minmay_misc_feat_diagonals,
          minmay_goblin_kobold_house, uniq_crazy_yiuf_cottage
D:5:      layout_basic, marbit_many_paths, minmay_temple_entry_stoned_glass,
          st_stairs_2, nicolae_shop_firing_range, uniq_prince_ribbit1
D:6:      layout_cave_pools, eat_drink_and_be_merry_uskayaw,
          nzn_hepliaklqana_mist_gate, serial_shops,
          nicolae_shop_competitors_out_of_business, minmay_shop_damaged,
          nicolae_wooded_promenade
D:7:      layout_loops_ring, amethyst_overflow_temple_binary,
          nicolae_gozag_seed_capital, enter_bailey_6, serial_shops,
          kennysheep_little_box
D:8:      kennysheep_ambush_hall, layout_gridville, grunt_dithmenos_smoke,
          zin_treasury, uniq_gastronok
D:9:      layout_roguey, trog_wizard, serial_shops, nicolae_shop_crystal,
          kennysheep_generic_room_9, uniq_erolcha, uniq_grum
D:10:     layout_gridville, minmay_lair_entry_grove
Lair:1:   layout_loops_ring, uniq_urug
Lair:2:   layout_gridlike, hangedman_tree_tricks
Lair:3:   layout_hall_layers, elwin_shoals_entry_stream,
          nicolae_spider_entry_non_spiders, grunt_megastairs_3
Lair:4:   beast_lair_carwin_large_3, layout_small_grid, serial_bayou_shore_a,
          lemuel_fruit_fields
Lair:5:   minmay_lair_end_enchanted_forest, layout_cave_pods, slime_entry_1,
          serial_bayou_shore_b

Skill      XL: |  1  2  3  4  5  6  7  8  9 10 11 12 13 14 |
---------------+-------------------------------------------+-----
Axes           | 4 5 6 7 8 9 10 12 13 14 16 17 | 17.2
Fighting       | 4 5 7 10 11 14 15 | 15.0
Throwing       | 1 2 3 4 5 6 9 |  9.0
Armour         | 3 4 6 9 11 13 14 | 14.7
Dodging        | 3 4 5 7 |  7.2

Action                   |  1- 3 |  4- 6 |  7- 9 | 10-12 | 13-15 || total
-------------------------+-------+-------+-------+-------+-------++-------
Melee: Hand axe          |    82 |   104 |   151 |   225 |       ||   562
       Headbutt          |    10 |    12 |    27 |    84 |    65 ||   198
       Punch             |       |     1 |     1 |     7 |     6 ||    15
       War axe           |       |       |       |   185 |   127 ||   312
       Flail             |       |       |       |     3 |    49 ||    52
       Broad axe         |       |       |       |       |    60 ||    60
Throw: Javelin           |       |     8 |    47 |    75 |    43 ||   173
Invok: Berserk           |     1 |     3 |     5 |    21 |    14 ||    44
       Trog's Hand       |       |       |       |     2 |       ||     2
       Brothers in Arms  |       |       |       |     2 |     4 ||     6
  Use: Scroll            |     3 |     9 |     5 |     5 |     5 ||    27
       Potion            |       |     3 |     4 |     1 |       ||     8
 Stab: Confused          |       |       |     1 |       |       ||     1
Armor: Animal skin       |    11 |     4 |       |       |       ||    15
       Scale mail        |       |    35 |    33 |       |       ||    68
       Chain mail        |       |       |    33 |     8 |       ||    41
       Plate armour      |       |       |       |   256 |   404 ||   660
Dodge: Dodged            |    46 |    43 |    53 |   153 |   226 ||   521

Table legend:
 A = Non-vault XP
 B = Vault XP
 C = Vault XP percentage of total XP
 D = Non-vault monster count
 E = Vault monster count
 F = Vault count percentage of total count
                 A         B        C        D         E       F
            +---------+---------+-------+---------+---------+-------
      Total |   47486 |   21538 |  31.2 |     319 |     120 |  27.3
            +---------+---------+-------+---------+---------+-------
        D:1 |      40 |       0 |   0.0 |      24 |       0 |   0.0
        D:2 |      52 |       0 |   0.0 |      18 |       0 |   0.0
        D:3 |     160 |     108 |  40.3 |      20 |      20 |  50.0
        D:4 |     712 |       4 |   0.6 |      20 |       3 |  13.0
        D:5 |     837 |     329 |  28.2 |      18 |       8 |  30.8
        D:6 |     348 |       0 |   0.0 |      15 |       0 |   0.0
        D:7 |     562 |       0 |   0.0 |      12 |       0 |   0.0
        D:8 |    1457 |    2143 |  59.5 |      31 |       9 |  22.5
        D:9 |    1871 |    1295 |  40.9 |      13 |       4 |  23.5
       D:10 |    2952 |    2013 |  40.5 |      22 |      13 |  37.1
     Lair:1 |    1406 |     782 |  35.7 |       6 |       1 |  14.3
     Lair:2 |    6627 |    1122 |  14.5 |      32 |       2 |   5.9
     Lair:3 |    9572 |    3409 |  26.3 |      33 |      19 |  36.5
     Lair:4 |   10210 |    4338 |  29.8 |      26 |       9 |  25.7
     Lair:5 |    8278 |    5844 |  41.4 |      24 |      29 |  54.7
    Abyss:1 |    2402 |       0 |   0.0 |       5 |       0 |   0.0
      Sewer |       0 |     151 | 100.0 |       0 |       3 | 100.0
            +---------+---------+-------+---------+---------+-------
